 Dungeon Crawl Stone Soup version 0.31-a0-876-gfe8ebadbca (webtiles) character file.

Game seed: 2115877792232936561

56 BinkBink the Shooter (level 3, 0/27 HPs)
             Began as a Demonspawn Hunter on Oct 13, 2023.
             Killed by divine providence
             ... invoked by an orc priest
              (13 damage)
             ... on level 3 of the Dungeon.
             The game lasted 00:01:49 (1354 turns).

BinkBink the Shooter (Demonspawn Hunter)            Turns: 1354, Time: 00:01:49

Health: 0/27       AC:  3    Str: 11    XL:     3   Next: 69%
Magic:  3/3        EV: 12    Int: 10    God:
Gold:   65         SH:  0    Dex: 18    Spells: 2/2 levels left

rFire   . . .        a - +0 shortbow
rCold   . . .        (shield currently unavailable)
rNeg    . . .        c - +0 leather armour
rPois   .            (no helmet)
rElec   .            (no cloak)
rCorr   .            (no gloves)
SInv    .            (no boots)
Will    .....        (no amulet)
Stlth   ++           (no ring)
HPRegen 0.24/turn    (no ring)
MPRegen 0.08/turn

%: no passive effects
@: no status effects
A: claws 2
a: no special abilities


You were on level 3 of the Dungeon.
You visited 1 branch of the dungeon, and saw 3 of its levels.

You collected 65 gold pieces.

Inventory:

Hand Weapons
 a - a +0 shortbow (weapon)
Armour
 c - a +0 leather armour (worn)
Scrolls
 b - a scroll of butterflies
 d - a scroll of fog {unknown}
 f - 7 scrolls of identify {unknown}
 g - a scroll of enchant armour {unknown}
 h - 2 scrolls of fear {unknown}
 i - a scroll of amnesia {unknown}
 j - a scroll of revelation {unknown}
 k - a scroll of noise {unknown}
Potions
 e - a potion of heal wounds {unknown}
 l - 3 potions of curing {unknown}
 m - 2 potions of magic {unknown}
 n - a potion of attraction {unknown}
 o - 2 potions of cancellation {unknown}
 p - a potion of enlightenment {unknown}


   Skills:
 - Level 2.0 Fighting
 + Level 4.7 Ranged Weapons
 - Level 1.7 Dodging
 - Level 0.8 Stealth
 - Level 1.1 Unarmed Combat


You had 2 spell levels left.
You didn't know any spells.
Your spell library contained the following spells:

 Spells                   Type           Power      Damage    Failure   Level
 Ozocubu's Armour         Ice            0%         N/A       83%         3
 Tukima's Dance           Hex            0%         N/A       83%         3
 Dimensional Bullseye     Hex/Tloc       0%         N/A       99%         4
 Iskenderun's Mystic Bla  Conj/Tloc      0%         2d3       99%         4
 Ozocubu's Refrigeration  Ice            0%         4d7       100%        7


Dungeon Overview and Level Annotations

Branches:
Dungeon (3/15)

Altars:
Cheibriados


Innate Abilities, Weirdness & Mutations

You have very sharp fingernails.


Message History

p - a coppery potion
Found an escape hatch in the ceiling.
An orc and an orc priest come into view.
The orc priest shouts!
The orc shouts!
An orc comes into view. It is wielding a +0 flail.
The orc throws a stone.
The stone barely misses you.
You shoot an arrow.
The arrow hits the orc priest but does no damage.
The orc priest miscasts a cantrip.
The orc throws a stone.
The stone hits you.
A goblin comes into view. It is wielding a +0 club.
An orc priest comes into view. It is wielding a +0 hand axe.
The orc priest looks braver for a moment.
You shoot an arrow. The arrow closely misses the orc.
The goblin shouts!
The arrow hits the orc priest.
The orc priest is moderately wounded.
You hear an angry hiss.
The orc throws a stone.
The stone hits you.
You shoot an arrow. The arrow barely misses the orc.
The arrow hits the orc priest!
The orc priest is almost dead.
The orc priest calls upon Beogh to heal the orc priest.
The orc priest is healed somewhat.
You shoot an arrow.
The arrow hits the orc but does no damage.
The orc priest mumbles some strange prayers to Beogh against you.
Beogh smites you!
The orc throws a stone.
The stone hits you.
You are too injured to fight recklessly!
You are too injured to fight recklessly!
You are too injured to fight recklessly!
Unknown command.
The orc attacks as it pursues you! The orc barely misses you.
The orc attacks as it pursues you! The orc closely misses you.
Things that are here:
a +0 club; an orc corpse The orc attacks as it pursues you!
The orc hits you with a +0 flail.
The orc priest calls down the wrath of Beogh upon you.
Beogh smites you!
You die...

######### ##########
#.......# #.........
#.......# #.........
#.......# #.........
.......# #.........
.....># #.†.......
######...## #.........
#....@.o.)########.o.#
#........ogo...##..#..
#..........###...o###.
#..........####.#.##.g
#######..#).....#.....
#..#...#.....#..
#.....###...####
#..#.## ##..# #
#.....# #.......


You could see an orc priest, 2 orcs and a goblin.

Vanquished Creatures
  An adder (D:2)
  A dart slug (D:2)
  3 orcs (D:3)
  3 endoplasms
  A giant cockroach (D:1)
  A goblin (D:2)
  2 hobgoblins (D:1)
  2 jackals (D:1)
  A quokka (D:1)
  7 ball pythons
  5 bats
  4 frilled lizards (D:1)
  3 kobolds
  8 rats
42 creatures vanquished.

Notes
Turn   | Place    | Note
-------+----------+-------------------------------------------
     0 | D:1      | BinkBink the Demonspawn Hunter began the quest for the Orb.
     0 | D:1      | Reached XP level 1. HP: 16/16 MP: 1/1
    85 | D:1      | Reached skill level 4 in Ranged Weapons
   113 | D:1      | Gained mutation: You have sharp fingernails. [demonic
                  | ancestry]
   113 | D:1      | Reached XP level 2. HP: 22/22 MP: 2/2
   589 | D:2      | Reached skill level 1 in Unarmed Combat
   589 | D:2      | Gained mutation: You have very sharp fingernails. [demonic
                  | ancestry]
   589 | D:2      | Reached XP level 3. HP: 27/27 MP: 3/3
   698 | D:2      | Found a snail-covered altar of Cheibriados.
  1354 | D:3      | Killed from afar by an orc priest

Illustrated notes

Levels and vault maps discovered:
D:1:      tekkud_arrival_beachfront_property, layout_rooms
D:2:      layout_basic, basic_altar
D:3:      layout_rooms, minmay_fractal_squares_gapless_5

Skill      XL: |  1  2 |
---------------+-------+-----
Ranged Weapons | 4 |  4.7
Unarmed Combat | 1 |  1.1
Fighting       | |  2.0
Dodging        | |  1.7
Stealth        | |  0.8

Action                     || total
---------------------------++-------
  Melee: Unarmed           ||    12
   Fire: Shortbow          ||   104
 Armour: Leather armour    ||    29
  Dodge: Dodged            ||    32

Table legend: (Time is in decaauts)
 A = Elapsed time spent in this place.
 B = Non-inter-level travel time spent in this place.
 C = Inter-level travel time spent in this place.
 D = Time resting spent in this place.
 E = Time spent auto-exploring this place.
 F = Levels seen in this place.
 G = Mean time per level.
                   A        B        C        D        E       F      G
               +--------+--------+--------+--------+--------+-----+--------+
         Total |   1377 |   1330 |     47 |     78 |   1020 |   3 |  459.0 |
       Dungeon |   1377 |   1330 |     47 |     78 |   1020 |   3 |  459.0 |
               +--------+--------+--------+--------+--------+-----+--------+

Top non-repeatable levels by time:
     D:2: 709 daAuts
     D:1: 593 daAuts
     D:3: 73 daAuts
